 Dungeon Crawl Stone Soup version 0.21.1-1-g345015fe64 (webtiles) character file.

62 Oravi the Insei (level 4, -11/32 HPs)
             Began as a Merfolk Transmuter on May 3, 2018.
             Mangled by Crazy Yiuf
             ... wielding a +3 quarterstaff of chaos
              (18 damage)
             ... on level 2 of the Dungeon.
             The game lasted 00:04:21 (1667 turns).

Oravi the Insei (Merfolk Transmuter)                Turns: 1667, Time: 00:04:23

Health: -11/32     AC:  2    Str: 10    XL:     4   Next: 8%
Magic:  4/7        EV: 21    Int: 13    God:
Gold:   70         SH:  0    Dex: 19    Spells: 2/7 levels left

rFire    . . .     SeeInvis .     - Unarmed
rCold    . . .     Gourm    .   (shield currently unavailable)
rNeg     . . .     Faith    .   (armour currently unavailable)
rPois    x         Spirit   .   (helmet currently unavailable)
rElec    .         Reflect  .   (cloak currently unavailable)
rCorr    .         Harm     .   (gloves currently unavailable)
MR       .....                  (boots currently unavailable)
Stlth    ++........             (no amulet)
HPRegen  0.10/turn              (no ring)
MPRegen  0.10/turn              (no ring)

@: spider-form (expiring)
A: tiny, (change form in water), (swift swim), (stealthy swim)
a: End Transformation


You were on level 2 of the Dungeon.
You were not hungry.
You were a venomous arachnid creature.
You visited 1 branch of the dungeon, and saw 2 of its levels.

You collected 70 gold pieces.

Inventory:

Missiles
 a - 42 arrows
 e - 69 stones (quivered)
 h - 5 silver tomahawks
Armour
 b - a +0 robe (melded)
 m - a +0 helmet (melded)
Scrolls
 p - a scroll of remove curse
Potions
 f - 2 potions of invisibility
 i - a potion of berserk rage {unknown}
 k - 2 potions of cancellation {unknown}
 o - a potion of brilliance {unknown}
 r - a potion of curing {unknown}
Books
 c - a book of Changes

   Spells                             Type                      Level
   a - Beastly Appendage              Transmutation                1
   b - Sticks to Snakes               Transmutation                2
   c - Spider Form                    Transmutation/Poison         3
   d - Ice Form                       Ice/Transmutation            4
   e - Blade Hands                    Transmutation                5
Comestibles
 d - 3 rations


   Skills:
 - Level 1.1 Fighting
 - Level 2.6 Dodging
 + Level 4.2 Unarmed Combat
 - Level 2.0 Spellcasting
 + Level 4.2 Transmutations
 + Level 1.2 Poison Magic


You had 2 spell levels left.
You knew the following spells:

 Your Spells              Type           Power        Failure   Level  Hunger
b - Sticks to Snakes      Tmut           ##......     19%         2    ###....
c - Spider Form           Tmut/Pois      #.........   47%         3    ####...


Dungeon Overview and Level Annotations

Branches:
Dungeon (2/15)

Altars:

Annotations:
D:2 Crazy Yiuf


Message History

Crazy Yiuf misses you.
You barely miss Crazy Yiuf.
Crazy Yiuf hits you with a quarterstaff of chaos!
You are electrocuted!
You hit Crazy Yiuf.
Crazy Yiuf looks as sick as possible!
Crazy Yiuf is moderately wounded.
You hit Crazy Yiuf.
Crazy Yiuf looks as sick as possible!
Crazy Yiuf is heavily wounded.
Crazy Yiuf barely misses you.
You hit Crazy Yiuf but do no damage.
Crazy Yiuf looks as sick as possible!
Crazy Yiuf is severely wounded.
Crazy Yiuf closely misses you.
You hit Crazy Yiuf.
Crazy Yiuf looks as sick as possible!
Crazy Yiuf is severely wounded.
Crazy Yiuf laughs, "Walk!"
Crazy Yiuf hits you with a quarterstaff of chaos!
* * * LOW HITPOINT WARNING * * *
You are electrocuted!
Ouch! That really hurt!
You die...

#####
############
#)..#
...........#
#...#
###.#.######
#.g.#
###.#.# ###
*#s#*
....#.# #.#
♣.♣♣ ....#.#
#.# ♣♣.♣ ###
....#.# #.#
♣.♣♣
#.##########
#.#.#.####.#
♣♣.♣
#...........
#..........#
♣♣.♣♣
#.#########.
....#.##>..#
♣♣...♣ ###
#.
......###..#
♣....♣ #.
##########.#
#....# #.


You could see Crazy Yiuf.

Vanquished Creatures
  2 adders (D:2)
  A worm (D:2)
  A dart slug (D:1)
  A leopard gecko (D:2)
  4 bats (D:1)
  3 giant cockroaches (D:2)
  6 goblins
  4 hobgoblins
  A ball python (D:1)
  8 frilled lizards
  4 kobolds
  3 rats
38 creatures vanquished.

Notes
Turn   | Place    | Note
-------+----------+-------------------------------------------
     0 | D:1      | Oravi the Merfolk Transmuter began the quest for the Orb.
     0 | D:1      | Reached XP level 1. HP: 15/15 MP: 3/3
    69 | D:1      | Reached XP level 2. HP: 17/21 MP: 5/5
   931 | D:2      | Reached XP level 3. HP: 26/26 MP: 4/6
   935 | D:2      | Learned a level 2 spell: Sticks to Snakes
   939 | D:2      | Learned a level 3 spell: Spider Form
  1243 | D:2      | Found a runed door.
  1329 | D:2      | Reached skill level 1 in Poison Magic
  1329 | D:2      | Reached XP level 4. HP: 32/32 MP: 2/7
  1660 | D:2      | Noticed Crazy Yiuf
  1667 | D:2      | Mangled by Crazy Yiuf

Skill      XL: |  1  2  3 |
---------------+----------+-----
Transmutations | 3 4 |  4.2
Unarmed Combat | 4 |  4.2
Poison Magic   | 1 |  1.2
Fighting       | |  1.1
Dodging        | |  2.6
Spellcasting   | |  2.0

Action                   |  1- 3 |  4- 6 || total
-------------------------+-------+-------++-------
Melee: Unarmed           |   100 |    12 ||   112
       Headbutt          |    10 |     1 ||    11
 Cast: Beastly Appendage |    11 |     1 ||    12
       Spider Form       |     7 |     1 ||     8
  Use: Scroll            |       |     5 ||     5
 Stab: Sleeping          |     2 |       ||     2
  Eat: Chunk             |     3 |     1 ||     4
Armor: Robe              |    19 |     1 ||    20
       Skin              |     2 |       ||     2
Dodge: Dodged            |    95 |     7 ||   102
